 Dungeon Crawl Stone Soup version 0.20.1-1-g8b1a95d (webtiles) character file.

23 Folque the Magician (level 2, 17/17 HPs)
             Began as an Octopode Wizard on Oct 30, 2017.
             Got out of the dungeon alive.
             The game lasted 00:01:49 (542 turns).

Folque the Magician (Octopode Wizard)                Turns: 542, Time: 00:01:49

Health: 17/17      AC:  1    Str:  6    XL:     2   Next: 95%
Magic:  6/6        EV: 13    Int: 20    God:
Gold:   44         SH:  0    Dex: 10    Spells: 3/8 levels left

rFire    . . .     SeeInvis .   j - +0 spear
rCold    . . .     Gourm    .   (no shield)
rNeg     . . .     Faith    .   a - +0 hat
rPois    .         Spirit   .   (no amulet)
rElec    .         Reflect  .   (no ring)
rCorr    .         Harm     .   (no ring)
MR       .....                  (no ring)
Stlth    +++.......             (no ring)
Regen    0.1/turn               (no ring)
MPRegen  0.1/turn               (no ring)
                                (no ring)
                                (no ring)

@: no status effects
A: almost no armour, stealthy swim, amphibious, 8 rings, constrict 8, camouflage
1, gelatinous body 1
a: no special abilities


You escaped.
You were not hungry.

You visited 1 branch of the dungeon, and saw 1 of its levels.

You collected 44 gold pieces.

Inventory:

Hand Weapons
 d - a +0 short sword
 j - a +0 spear (weapon)
Armour
 a - a +0 hat (worn)
Jewellery
 e - a cursed -3 ring of protection {unknown}
 h - an uncursed amulet of harm {unknown}
Scrolls
 g - a scroll of blinking {unknown}
 k - a scroll of enchant weapon {unknown}
Books
 b - a book of Minor Magic

   Spells                             Type                      Level
   a - Magic Dart                     Conjuration                  1
   b - Blink                          Translocation                2
   c - Call Imp                       Summoning                    2
   d - Slow                           Hexes                        2
   e - Conjure Flame                  Conjuration/Fire             3
   f - Mephitic Cloud                 Conjuration/Poison/Air       3
Comestibles
 c - 2 bread rations
 f - 2 chunks of flesh
 i - a meat ration
 l - a royal jelly


   Skills:
 + Level 2.2 Dodging
 + Level 3.1 Stealth
 + Level 3.6 Spellcasting
 + Level 1.0 Conjurations
 + Level 1.0 Summonings
 + Level 1.0 Translocations


You had 3 spell levels left.
You knew the following spells:

 Your Spells              Type           Power        Failure   Level  Hunger
a - Magic Dart            Conj           #...         9%          1    None
b - Call Imp              Summ           #.......     13%         2    ##.....
c - Blink                 Tloc           N/A          13%         2    ##.....


Dungeon Overview and Level Annotations

Branches:
Dungeon (1/15)

Altars:


Innate Abilities, Weirdness & Mutations

You cannot wear most types of armour.
You are very stealthy in the water. (Stealth+)
You are amphibious.
You can wear up to eight rings at the same time.
You can use your tentacles to constrict eight enemies at once.
Your skin changes colour to match your surroundings (Stealth+).
Your rubbery body absorbs attacks. (AC +1, EV +1)


Message History

You reach to attack!
You barely miss the hobgoblin. You hit the hobgoblin. You grab the hobgoblin.
The hobgoblin is lightly wounded.
You constrict the hobgoblin. The hobgoblin barely misses you.
You completely miss the hobgoblin.
The hobgoblin is moderately wounded.
You constrict the hobgoblin. The hobgoblin hits you with a club.
You hit the hobgoblin.
You kill the hobgoblin!
Memorise Call Imp, consuming 2 spell levels and leaving 5?
You start memorising the spell.
You continue memorising. x2
You finish memorising.
Spell assigned to 'b'.
Memorise Blink, consuming 2 spell levels and leaving 3?
You start memorising the spell.
You continue memorising. x2
You finish memorising.
Spell assigned to 'c'.
A leopard gecko comes into view.
A leopard gecko is nearby!
There is a staircase leading out of the dungeon here.
Are you sure you want to leave the Dungeon?
This will make you lose the game!
You have escaped!

......####.........#####..
..............###.# ##.
...#######...# #.# ##
..#######...# #.# #
#.........†.# #.#
#.##.########..# #.#
#.##.#......#..# #.#
#####.##.#.####.#..###.#
####......#.#.#.@#.#......#
...#.#>...#.#....#.##.#####
##.#.##...#.######.##.#
##.#.##...#........##.#
....[.......######....#
##.#.###.#..######...##
#.#.###.#...........#
..#........#####.^..#
########.#### ######


There were no monsters in sight!

Vanquished Creatures
  2 dart slugs (D:1)
  A leopard gecko (D:1)
  5 goblins (D:1)
  3 hobgoblins (D:1)
  A kobold (D:1)
  5 rats (D:1)
17 creatures vanquished.

Notes
Turn   | Place    | Note
-------+----------+-------------------------------------------
     0 | D:1      | Folque the Octopode Wizard began the quest for the Orb.
     0 | D:1      | Reached XP level 1. HP: 11/11 MP: 4/4
    92 | D:1      | Reached XP level 2. HP: 17/17 MP: 6/6
   491 | D:1      | Learned a level 2 spell: Call Imp
   494 | D:1      | Learned a level 2 spell: Blink
   542 | D:$      | Got out of the dungeon alive.

Skill      XL: |  1  2 |
---------------+-------+-----
Stealth        | 3 |  3.1
Dodging        | |  2.2
Spellcasting   | |  3.6
Conjurations   | |  1.0
Summonings     | |  1.0
Translocations | |  1.0

Action                   || total
-------------------------++-------
Melee: Short sword       ||    15
       Constrict         ||     7
       Spear             ||    12
       Tentacles         ||     2
 Cast: Magic Dart        ||     9
 Stab: Sleeping          ||     7
Armor: Skin              ||     1
Dodge: Dodged            ||     8
